 Dungeon Crawl Stone Soup version 0.27.1-34-g3ba077fa99 (webtiles) character file.

Game seed: 8649057982910602041

222 Malroth the Stinger (level 5, 0/35 HPs)
             Began as a Merfolk Venom Mage on Jan 25, 2022.
             Slain by a phantom (2 damage)
             ... on level 4 of the Dungeon.
             The game lasted 00:39:59 (5368 turns).

Malroth the Stinger (Merfolk Venom Mage)            Turns: 5368, Time: 00:39:59

Health: 0/35       AC:  2    Str:  9    XL:     5   Next: 99%
Magic:  2/9        EV: 16    Int: 15    God:
Gold:   172        SH:  0    Dex: 14    Spells: 4/10 levels left

rFire    . . .     SeeInvis .   r - +0 dagger
rCold    . . .     Faith    .   (no shield)
rNeg     . . .     Spirit   .   a - +0 robe
rPois    .         Reflect  .   (no helmet)
rElec    .         Harm     .   (no cloak)
rCorr    .         Rampage  .   (no gloves)
Will     .....                  (no boots)
Stlth    ++........             (no amulet)
HPRegen  0.11/turn              c - +4 ring of evasion
MPRegen  0.11/turn              (no ring)

@: no status effects
A: (nimble swimmer 2), mertail
a: no special abilities


You were on level 4 of the Dungeon.
You visited 1 branch of the dungeon, and saw 4 of its levels.
You also visited: Sewer.

You collected 172 gold pieces.

Inventory:

Hand Weapons
 r - a +0 dagger (weapon)
Armour
 a - a +0 robe (worn)
Jewellery
 c - a +4 ring of evasion (left hand)
Scrolls
 b - a scroll of teleportation
 g - a scroll of enchant armour {unknown}
 k - a scroll of enchant weapon {unknown}
 p - a scroll of amnesia {unknown}
 q - a scroll of identify {unknown}
Potions
 d - 2 potions of heal wounds {unknown}
 e - a potion of flight {unknown}
 f - a potion of lignification {unknown}
 h - a potion of mutation {unknown}
 i - 2 potions of haste {unknown}
 j - 2 potions of invisibility {unknown}
 l - a potion of might {unknown}
 m - 2 potions of magic {unknown}
 n - a potion of cancellation {unknown}
 o - 2 potions of curing {unknown}


   Skills:
 - Level 2.6 Dodging
 - Level 2.1 Stealth
 + Level 3.2 Spellcasting
 * Level 0.6 Conjurations
 - Level 4.0 Transmutations
 - Level 2.0 Air Magic
 + Level 4.2 Poison Magic


You had 4 spell levels left.
You knew the following spells:

 Your Spells              Type           Power      Damage    Failure   Level
a - Sting                 Tmut/Pois      56%        1d5       3%          1
b - Poisonous Vapours     Pois/Air       22%        N/A       9%          2
c - Mephitic Cloud        Conj/Pois/Air  9%         N/A       22%         3

Your spell library contained the following spells:

 Spells                   Type           Power      Damage    Failure   Level
 Olgreb's Toxic Radiance  Pois           15%        N/A       32%         4
 Leda's Liquefaction      Hex/Erth       1%         N/A       89%         4
 Bolt of Magma            Conj/Fire/Erth 1%         4d4       99%         5
 Statue Form              Tmut/Erth      5%         N/A       100%        6


Dungeon Overview and Level Annotations

Branches:
Dungeon (4/15)              Sewer (visited)
 Temple: D:4-7

Altars:


Innate Abilities, Weirdness & Mutations

((You are quick and stealthy near water. (Stealth+, EV+, Speed+++)))
Your lower body shifts to a powerful aquatic tail in water.


Message History

You are very lightly contaminated with residual magic.
Nothing appears to happen.
The phantom hits you but does no damage.
Casting: Sting (safe; 3% risk of failure)
Confirm with . or Enter, or press ? or * to list all spells.
Aiming: Sting (safe; 3% risk of failure)
Press: ? - help, Shift-Dir - straight line, f/p - phantom
Aim: a phantom (lightly damaged, 60% to hit)
The sting hits the phantom but does no damage.
The phantom is lightly damaged.
The phantom misses you.
Casting: Sting (safe; 3% risk of failure)
Confirm with . or Enter, or press ? or * to list all spells.
Aiming: Sting (safe; 3% risk of failure)
Press: ? - help, Shift-Dir - straight line, f/p - phantom
Aim: a phantom (lightly damaged, 60% to hit)
The sting misses the phantom.
The phantom hits you!
* * * LOW HITPOINT WARNING * * *
The phantom blinks!
You blink.
You closely miss the phantom.
The phantom is lightly damaged.
The phantom barely misses you.
You hit the phantom.
The phantom is lightly damaged.
The phantom completely misses you.
You hit the phantom.
The phantom is moderately damaged.
The phantom hits you.
* * * LOW HITPOINT WARNING * * *
The phantom blinks!
You blink.
You hit the phantom but do no damage.
The phantom is moderately damaged.
The phantom hits you.
* * * LOW HITPOINT WARNING * * *
Your magical contamination has completely faded away.
You hit the phantom but do no damage.
The phantom is moderately damaged.
You hear the rapid hiss of an avalanche of sand nearby.
The phantom hits you.
You die...

...........# ... .... ...
####.......# .. ... ..
...........# ....# ..
.....####... ... ..
.....#...... ####.# .#
####.#...... #....###.###
####.#....# #.....ยง....#
...#.#....# #..W.......#
...#......# #..@.......#
...#...#.# #.......####
...#.##..########....#
..................########
####.#..##.....#.........#
.....#<........#.........#
.....#..##.....'.........#
.....#.........#.........#
####.####.####.#.........#


You could see a phantom.

Vanquished Creatures
  A howler monkey (D:4)
  2 iguanas (D:4)
  7 adders
  2 worms
  2 dart slugs
  An orc (D:4)
  7 ball pythons
  2 endoplasms
  5 giant cockroaches
  4 goblins
  3 hobgoblins (D:2)
  3 jackals (D:4)
  8 kobolds
  3 quokkas
  4 bats
  5 frilled lizards
  5 rats
64 creatures vanquished.

Notes
Turn   | Place    | Note
-------+----------+-------------------------------------------
     0 | D:1      | Malroth the Merfolk Venom Mage began the quest for the Orb.
     0 | D:1      | Reached XP level 1. HP: 13/13 MP: 3/3
   328 | D:1      | Found a faded altar of an unknown god.
   340 | D:1      | Reached XP level 2. HP: 19/19 MP: 1/5
   389 | D:1      | Learned a level 2 spell: Poisonous Vapours
  1132 | D:2      | Reached XP level 3. HP: 19/24 MP: 1/6
  1325 | D:2      | Reached skill level 1 in Air Magic
  1925 | D:3      | Found a glowing drain.
  1949 | D:3      | HP: 1/24 [poisoned by an adder]
  1952 | D:3      | Reached XP level 4. HP: 2/30 MP: 1/7
  2243 | Sewer    | Entered a sewer
  2410 | Sewer    | Noticed Purgy
  4065 | D:3      | Reached XP level 5. HP: 31/35 MP: 5/8
  5055 | D:4      | Learned a level 3 spell: Mephitic Cloud
  5350 | D:4      | Noticed a phantom
  5368 | D:4      | Slain by a phantom

Illustrated notes

Levels and vault maps discovered:
D:1:      dpeg_arrival_renting, layout_rooms, basic_ecumenical_altar
D:2:      layout_loops_ring
D:3:      layout_basic, gup_sewer_entry_glass, minmay_cut_off
D:4:      layout_basic, gup_ossuary_entry_pyramid

Skill      XL: |  1  2  3  4  5 |
---------------+----------------+-----
Transmutations | 2 3 4 |  4.0
Air Magic      | 1 2 |  2.0
Poison Magic   | 4 |  4.2
Spellcasting   | 3 |  3.2
Dodging        | |  2.6
Stealth        | |  2.1
Conjurations   | |  0.6

Action                   |  1- 3 |  4- 6 || total
-------------------------+-------+-------++-------
Melee: Unarmed           |     1 |     8 ||     9
       Dagger            |       |     5 ||     5
 Cast: Sting             |    49 |    56 ||   105
       Poisonous Vapours |    18 |    34 ||    52
  Use: Scroll            |       |     1 ||     1
Armor: Robe              |     3 |     4 ||     7
Dodge: Dodged            |    26 |    39 ||    65
